Map: Frozen Temple

Players

Rom

  • Race: Protoss Protoss
  • League: Grandmaster

Bakemonoda - Winner!

  • Race: Terran Terran
  • League: Master

VOD

https://youtu.be/ovEm6m0Bztg

Description

TVP Guide Low Gm + high masters EU

Time

  • Played on: May 10, 2016, 3:42 a.m.
  • Length: 13:53
Show
View Real Time Build Order
Export as new Build Order

Rom Protoss 

Build Orders:  

Get SALT Encoding   

  12  0:01  Probe (Chrono Boost)  
  13  0:11  Probe (Chrono Boost)  
  14  0:17  Pylon  
  14  0:22  Probe (Chrono Boost)  
  15  0:36  Probe (Chrono Boost)  
  15  0:37  Gateway  
  15  0:42  Assimilator  
  16  0:46  Probe (Chrono Boost)  
  17  0:59  Probe (Chrono Boost)  
  18  1:09  Probe (Chrono Boost)  
  19  1:20  Probe (Chrono Boost)  
  20  1:28  Cybernetics Core  
  20  1:30  Probe (Chrono Boost)  
  20  1:31  Assimilator  
  21  1:34  Pylon  
  21  1:41  Probe (Chrono Boost)  
  22  1:51  Probe (Chrono Boost)  
  23  2:05  Adept (Chrono Boost), Mothership Core (Chrono Boost)  
  25  2:23  Probe (Chrono Boost)  
  25  2:28  Warp Gate (Chrono Boost)  
  26  2:32  Adept (Chrono Boost)  
  26  2:33  Pylon  
  26  2:34  Probe  
  29  2:47  Probe  
  30  2:53  Gateway  
  30  2:56  Adept (Chrono Boost)  
  32  3:03  Probe  
  33  3:06  Robotics Facility  
  33  3:15  Probe  
  34  3:23  Stalker (Chrono Boost)  
  36  3:51  Stalker (Chrono Boost)  
  38  4:03  Nexus  
  38  4:09  Pylon  
  38  4:22  Pylon  
  38  4:27  Warp Prism (Chrono Boost)  
  40  4:32  Probe  
  41  4:44  Probe, Stalker  
  42  4:46  Stalker  
  44  4:56  Probe  
  44  4:58  Observer (Chrono Boost)  
  46  5:02  Pylon  
  46  5:08  Probe  
  46  5:10  Gateway  
  46  5:12  Stalker x2  
  43  5:28  Probe, Immortal  
  48  5:36  Stalker  
  48  5:38  Probe  
  48  5:40  Probe  
  52  5:49  Pylon  
  52  5:50  Probe  
  53  6:01  Probe x2  
  49  6:06  Stalker x2  
  51  6:15  Probe  
  51  6:16  Probe  
  53  6:26  Probe  
  53  6:28  Twilight Council  
  53  6:29  Probe  
  54  6:33  Observer (Chrono Boost)  
  54  6:38  Probe  
  56  6:41  Probe  
  57  6:50  Probe, Stalker x3  
  64  6:55  Probe  
  65  7:06  Probe  
  66  7:09  Pylon  
  66  7:16  Blink (Chrono Boost)  
  66  7:18  Gateway  
  66  7:22  Gateway  
  66  7:24  Pylon  
  66  7:25  Stalker  
  66  7:26  Stalker  
  70  7:30  Stalker  
  62  7:51  Adept x2  
  64  7:53  Adept  
  56  8:19  Assimilator  
  56  8:20  Nexus  
  56  8:21  Dark Shrine  
  56  8:24  Stalker x2  
  56  8:25  Stalker  
  63  8:33  Probe, Observer  
  63  8:34  Probe  
  65  8:35  Pylon  
  65  8:38  Pylon  
  65  8:39  Stalker  
  65  8:40  Stalker  
  69  8:58  Probe, Stalker x2  
  69  9:02  Pylon  
  72  9:04  Stalker  
  72  9:05  Assimilator  
  72  9:07  Probe  
  72  9:08  Assimilator  
  75  9:11  Assimilator, Probe  
  76  9:17  Gateway  
  76  9:18  Forge  
  76  9:27  Charge (Chrono Boost)  
  76  9:35  Pylon  
  76  9:36  Probe x3  
  79  9:44  Dark Templar  
  81  9:46  Probe  
  81  9:48  Probe  
  81  9:52  Dark Templar  
  85  9:53  Probe  
  86  10:14  Dark Templar  
  88  10:15  Adept  
  88  10:16  Adept  
  88  10:18  Gateway  
  88  10:19  Gateway  
  89  10:41  Protoss Ground Armor Level 1 (Chrono Boost)  
  85  10:42  Sentry  
  85  10:44  Dark Templar  
  85  10:46  Gateway  
  85  10:49  Zealot x2, Probe  
  93  10:50  Probe  
  93  10:53  Gateway  
  93  10:54  Gateway, Probe  
  94  11:08  Sentry  
  92  11:15  Dark Templar  
  92  11:16  Zealot x2, Sentry  
  100  11:22  Resonating Glaives  
  100  11:25  Robotics Facility  
  100  11:29  Zealot  
  102  11:34  Zealot  
  102  11:52  Zealot x5  
  110  11:58  Dark Templar  
  103  12:06  Pylon  
  103  12:07  Pylon  
  103  12:08  Pylon  
  88  12:20  Dark Templar  
  88  12:22  Dark Templar  
  89  12:25  Zealot x3  
Show
View Real Time Build Order
Export as new Build Order

Bakemonoda Terran - Winner!

Build Orders: MMM Bio, Banshee Rush 

Get SALT Encoding   

  12  0:01  SCV  
  13  0:13  SCV  
  14  0:18  Supply Depot  
  14  0:25  SCV  
  15  0:40  SCV  
  15  0:42  Barracks  
  16  0:47  Refinery  
  16  0:52  SCV  
  17  0:57  Refinery  
  17  1:04  SCV  
  18  1:16  SCV  
  19  1:28  SCV  
  19  1:29  Reaper  
  21  1:41  Supply Depot  
  21  1:42  Orbital Command  
  21  1:51  Factory  
  21  2:01  Reaper  
  22  2:20  SCV  
  22  2:32  SCV  
  22  2:34  Factory Tech Lab  
  22  2:36  Starport  
  23  2:41  Supply Depot  
  23  2:44  SCV  
  24  2:56  SCV  
  24  3:03  Cyclone  
  27  3:16  SCV  
  28  3:25  Command Center  
  28  3:29  SCV  
  29  3:42  SCV  
  29  3:45  Cloaking Field  
  29  3:46  Banshee  
  33  3:49  Factory Tech Lab  
  33  3:51  Marine  
  34  3:57  Supply Depot, Barracks  
  34  3:58  Barracks  
  34  4:06  SCV  
  34  4:08  Supply Depot  
  34  4:24  Siege Tank  
  34  4:28  SCV  
  38  4:32  Banshee  
  41  4:40  SCV  
  42  4:46  Marine  
  42  4:47  Marine  
  42  4:52  SCV  
  45  4:58  Barracks  
  45  5:05  Command Center  
  45  5:09  Orbital Command  
  45  5:12  Barracks Tech Lab  
  42  5:22  Siege Tank  
  45  5:33  Stimpack  
  45  5:34  Marine x2  
  47  5:41  SCV  
  48  5:45  Supply Depot  
  48  5:46  Marine  
  48  5:49  Marine  
  50  5:53  SCV x2  
  51  6:10  SCV  
  51  6:11  SCV  
  53  6:18  Raven  
  53  6:20  Marine x2  
  53  6:21  Orbital Command, Marine  
  53  6:23  SCV  
  58  6:26  SCV  
  59  6:35  SCV  
  59  6:39  Marine x2, Siege Tank  
  64  6:40  Marine  
  64  6:41  SCV  
  67  6:52  SCV  
  67  6:53  SCV  
  69  6:57  Supply Depot  
  69  6:59  Supply Depot  
  69  7:04  Orbital Command, SCV  
  69  7:05  SCV  
  71  7:10  Marine x3  
  74  7:17  Barracks x2  
  74  7:20  Medivac  
  74  7:22  Siege Tank  
  79  7:27  Marine  
  79  7:28  Marine  
  79  7:29  Marine  
  76  7:47  Marine  
  76  7:48  Marine x2  
  79  7:53  SCV x2  
  79  7:54  SCV  
  82  8:01  Medivac  
  82  8:04  Barracks  
  82  8:05  Marine  
  84  8:08  Barracks x2  
  84  8:09  Engineering Bay  
  84  8:11  Engineering Bay  
  83  8:17  Marine x4  
  83  8:18  Siege Tank  
  90  8:23  Marine  
  91  8:30  Refinery x2  
  91  8:35  Marine x4  
  91  8:39  Combat Shields  
  91  8:41  Marine  
  95  8:43  SCV  
  95  8:44  SCV  
  98  8:49  Bunker  
  98  8:50  Supply Depot x2  
  98  8:53  Marine x3  
  98  8:54  Supply Depot  
  101  9:06  Terran Infantry Weapons Level 1, Terran Infantry Armor Level 1  
  101  9:11  SCV x3, Marine x6  
  101  9:14  Supply Depot x2  
  110  9:23  SCV  
  111  9:28  SCV x2  
  111  9:31  Missile Turret, Marine x5  
  113  9:32  Marine, Marauder  
  113  9:33  Siege Tank  
  113  9:36  Barracks Reactor  
  124  9:39  SCV  
  124  9:40  SCV x2  
  127  9:49  Marine x4  
  127  9:52  Marine x2  
  132  9:53  Marine  
  132  10:15  Raven  
  132  10:20  Command Center  
  127  10:34  Marine x9  
  129  10:53  Marine x7  
  129  10:54  Siege Tank  
  139  10:57  Missile Turret  
  139  10:58  Missile Turret  
  139  11:34  Marine x2  
  139  11:35  Marine x4  
  139  11:36  Marauder x2  
  148  11:43  Medivac x2, Siege Tank  
  151  11:52  Marine x2  
  151  11:53  Marine x4  
  153  11:57  Marauder x2  
  157  12:12  Marine x3  
  157  12:31  Marine  
  157  12:36  Marine  
  157  12:39  SCV  
  157  12:44  Marine  
  157  12:45  Marine  
Tags
 
Add a new tag
Caveats
  • Supply blocks, unpowered buildings, or Contaminate may cause inaccurate times.
  • Supply counts are checked every 10 seconds.